 Dungeon Crawl Stone Soup version 0.31.0-11-ge490571c62 (webtiles) character file.

Game seed: 9122197375057062383

47 hikkokomori the Shield-Bearer (level 3, 0/30 HPs)
             Began as a Formicid Fighter on Feb 1, 2024.
             Slain by Terence
             ... wielding a +0 flail
              (7 damage)
             ... on level 2 of the Dungeon.
             The game lasted 00:00:50 (1295 turns).

hikkokomori the Shield-Bearer (Formicid Fighter)    Turns: 1295, Time: 00:00:51

Health: 0/30       AC:  7    Str: 20    XL:     3   Next: 97%
Magic:  3/3        EV:  9    Int:  7    God:
Gold:   149        SH:  5    Dex: 15    Spells: 2/2 levels left

rFire   . . .        a - +0 war axe
rCold   . . .        c - +0 buckler
rNeg    . . .        b - +0 scale mail
rPois   .            (helmet unavailable)
rElec   .            (no cloak)
rCorr   .            (no gloves)
SInv    +            (no boots)
Will    .....        (no amulet) Stlth
                     (no ring)
HPRegen 0.25/turn    (no ring)
MPRegen 0.08/turn

%: no passive effects
@: mighty
A: permanent stasis, dig shafts and tunnels, antennae 3, four strong arms
a: Dig, Shaft Self


You were on level 2 of the Dungeon.
You visited 1 branch of the dungeon, and saw 2 of its levels.

You collected 149 gold pieces.

Inventory:

Hand Weapons
 a - a +0 war axe (weapon)
Armour
 b - a +0 scale mail (worn)
 c - a +0 buckler (worn)
Scrolls
 h - 3 scrolls of immolation {unknown}
 i - a scroll of enchant armour {unknown}
 j - a scroll of silence {unknown}
Potions
 e - 3 potions of lignification {unknown}
 f - a potion of heal wounds {unknown}
 g - a potion of enlightenment {unknown}
 k - a potion of curing {unknown}


   Skills:
 + Level 3.7 Fighting
 + Level 2.5 Axes
 + Level 3.8 Armour
 + Level 4.6 Shields


You had 2 spell levels left.
You didn't know any spells.
Your spell library was empty.

Dungeon Overview and Level Annotations

Branches:
Dungeon (2/15)

Altars:

Annotations:
D:2 Terence


Innate Abilities, Weirdness & Mutations

You cannot be hasted, slowed, berserked, paralysed or teleported.
You can dig through walls and to a lower floor.
You have a pair of large antennae on your head. (SInv)
Your four strong arms can wield two-handed weapons with a shield.


Message History

You are too injured to fight recklessly!
You are too injured to fight recklessly!
You are too injured to fight recklessly!
You are too injured to fight recklessly!
You are too injured to fight recklessly!
You are too injured to fight recklessly!
You are too injured to fight recklessly!
You are too injured to fight recklessly!
You are too injured to fight recklessly!
You are too injured to fight recklessly!
You are too injured to fight recklessly!
You are too injured to fight recklessly!
You are too injured to fight recklessly!
You feel very mighty all of a sudden. The goblin hits you but does no damage.
Terence hits you with a +0 flail.
You closely miss Terence.
Terence is lightly wounded.
You slash the goblin!
You kill the goblin!
Terence hits you with a +0 flail.
* * * LOW HITPOINT WARNING * * *
You hit Terence.
Terence is moderately wounded.
Terence barely misses you.
Unknown command.
You completely miss Terence.
Terence is moderately wounded.
Terence hits you but does no damage. x2
Unknown command.
You closely miss Terence.
Terence is moderately wounded.
Terence barely misses you.
Unknown command.
You slash Terence!
Terence is almost dead.
Terence hits you with a +0 flail.
* * * LOW HITPOINT WARNING * * *
Terence hits you with a +0 flail!
You die...
Terence says, "Rest in peace."

# { # ...##. #
#####.#...#### #
#..#.........# # #..#
#.......# # #..# #.......#
# #..# #.......###### #
#..# #....)........ # #..#
#...:@@..# # #..#
#........# # #..#
######.#.# ## # #..#
...#.# ...
######..##########.##.###
..........#.............#
######.####.######........
##...................#..##
.†..........####.#.#.# ##


You could see Terence.

Vanquished Creatures
  An adder (D:2)
  2 dart slugs
  A ribbon worm (D:2)
  6 endoplasms
  6 goblins
  3 hobgoblins (D:1)
  2 kobolds (D:1)
  2 quokkas
  2 ball pythons
  2 bats (D:1)
  A rat (D:1)
28 creatures vanquished.

Notes
Turn   | Place    | Note
-------+----------+-------------------------------------------
     0 | D:1      | hikkokomori the Formicid Fighter began the quest for the
                  | Orb.
     0 | D:1      | Reached XP level 1. HP: 18/18 MP: 1/1
    83 | D:1      | Reached XP level 2. HP: 24/24 MP: 2/2
   294 | D:1      | Reached XP level 3. HP: 26/29 MP: 3/3
  1284 | D:2      | Noticed Terence
  1295 | D:2      | Slain by Terence

Illustrated notes

Levels and vault maps discovered:
D:1:      roderic_dead_forest, layout_loops_ring, minmay_misc_feat_plants,
          serial_park_tiny_1, palyth_stone_intersect, minmay_indecisive_spiral
D:2:      layout_basic, uniq_terence

Action                     || total
---------------------------++-------
  Melee: War axe           ||    77
    Use: Potion            ||     1
 Armour: Scale mail        ||    48
  Dodge: Dodged            ||    32
  Block: Buckler           ||    27
